 Dungeon Crawl Stone Soup version 0.28-a0-628-g3c9886e45e (webtiles) character file.

Game seed: 675153166108362214

928 mordus the Cleaver (level 8, -4/64 HPs)
             Began as a Hill Orc Fighter on Oct 8, 2021.
             Was a Follower of Beogh.
             Slain by Maggie (6 damage)
             ... on level 6 of the Dungeon.
             The game lasted 00:07:25 (3752 turns).

mordus the Cleaver (Hill Orc Fighter)               Turns: 3752, Time: 00:07:26

Health: -4/64      AC:  8    Str: 21    XL:     8   Next: 11%
Magic:  8/8        EV: 13    Int:  8    God:    Beogh [*.....]
Gold:   400        SH:  5    Dex: 10    Spells: 7/7 levels left

rFire   . . .      SeeInvis .   r - +1 war axe (holy)
rCold   . . .      Faith    .   c - +0 buckler
rNeg    . . .      Spirit   .   b - +0 scale mail
rPois   .          Reflect  .   (no helmet)
rElec   .          Harm     .   j - +0 cloak
rCorr   .          Rampage  .   (no gloves)
Will    .....                   (no boots)
Stlth   ..........              (no amulet)
HPRegen 0.20/turn               n - +4 ring of evasion
MPRegen 0.11/turn               (no ring)

@: no status effects
A: no striking features
a: Renounce Religion


You were on level 6 of the Dungeon.
You worshipped Beogh.
Beogh was aware of your devotion.
You visited 1 branch of the dungeon, and saw 6 of its levels.

You collected 400 gold pieces.

Inventory:

Hand Weapons
 a - a +0 war axe
 r - a +1 war axe of holy wrath (weapon)
Armour
 b - a +0 scale mail (worn)
 c - a +0 buckler (worn)
 j - a +0 cloak (worn)
 u - a scarf of harm
Jewellery
 l - a ring of fire
 n - a +4 ring of evasion (left hand)
Scrolls
 f - a scroll of brand weapon {unknown}
 g - a scroll of identify {unknown}
 h - a scroll of noise {unknown}
 i - 2 scrolls of teleportation {unknown}
 m - a scroll of immolation {unknown}
 q - a scroll of blinking {unknown}
Potions
 d - a potion of might
 e - 4 potions of haste
 k - 2 potions of lignification {unknown}
 o - a potion of degeneration {unknown}
 p - 2 potions of attraction {unknown}
 s - 3 potions of heal wounds {unknown}
 t - a potion of brilliance {unknown}
 v - a potion of ambrosia {unknown}


   Skills:
 - Level 3.6 Fighting
 * Level 8.7 Axes
 + Level 5.9 Armour
 + Level 5.9 Shields


You had 7 spell levels left.
You didn't know any spells.
Your spell library contained the following spells:

 Spells                   Type           Power      Damage    Failure   Level
 Cause Fear               Hex            0%         N/A       100%        4
 Dragon Form              Tmut           0%         N/A       100%        7
 Dragon's Call            Summ           0%         N/A       100%        9


Dungeon Overview and Level Annotations

Branches:
Dungeon (6/15)             Temple (0/1) D:5

Altars:

Shops:
D:1 (

Annotations:
D:6 Maggie


Message History

You break out of your daze.
You block Maggie's attack. You block the howler monkey's attack.
Maggie hits you with a +0 scimitar of flaming.
Maggie burns you.
You closely miss Maggie.
Maggie is heavily wounded.
You closely miss the howler monkey.
The howler monkey hoots and howls with incredible vigour!
Maggie hits you with a +0 scimitar of flaming.
Maggie burns you.
You hear a shout!
You hear an angry hiss.
You hear a shout! x2
You hear two shouts!
You hit Maggie.
Maggie is heavily wounded.
You hit the howler monkey. The howler monkey barely misses you.
Maggie hits you with a +0 scimitar of flaming!
* * * LOW HITPOINT WARNING * * *
Maggie burns you.
* * * LOW HITPOINT WARNING * * *
The howler monkey closely misses you.
You slash Maggie!
Maggie is severely wounded.
You hit the howler monkey.
Maggie says, "Leave now, and tell all of Margery's mercy!"
Maggie hits you with a +0 scimitar of flaming!
* * * LOW HITPOINT WARNING * * *
Maggie burns you.
* * * LOW HITPOINT WARNING * * *
The howler monkey hoots and howls with incredible vigour!
You hear a shout!
You closely miss Maggie.
Maggie is severely wounded.
You hit the howler monkey.
You kill the howler monkey!
Beogh accepts your kill. Maggie closely misses you.
You hit Maggie but do no damage.
Maggie is severely wounded.
Maggie hits you with a +0 scimitar of flaming.
You die...

.........#.#.....
.....#........... ..
##.# #.........#### ...
# #............##.(#
#................#
##.................
##.#..................
#......#.......@......
......#####....@.......
.....# #..#......#.#
..... #..##.....# .....
#......###..# ...#
......... ... ...
.....#..... ..
....###...### . ..##
#...# ##


You could see Maggie.

Vanquished Creatures
  A water moccasin (D:6)
  A black bear (D:4)
  A necrophage (D:5)
  An ogre (D:5)
  A water moccasin skeleton (D:5)
  A howler monkey (D:6)
  2 bullfrog zombies
  A bullfrog skeleton (D:4)
  An orc priest (D:5)
  A jelly (D:4)
  A centaur skeleton (D:5)
  A scorpion zombie (D:4)
  An iguana (D:5)
  An orc wizard (D:5)
  A hound zombie (D:4)
  7 adders
  2 adder zombies (D:4)
  An adder skeleton (D:5)
  A worm (D:3)
  4 dart slugs
  23 orcs
  8 ball pythons
  5 endoplasms
  7 giant cockroaches
  14 goblins
  9 hobgoblins
  A quokka (D:1)
  5 bats
  4 frilled lizards
  9 kobolds
  6 rats
122 creatures vanquished.

Vanquished Creatures (others)
  An adder (D:4)
  An adder zombie (D:4)
  2 orcs (D:4)
  A ball python (D:4)
  3 kobolds (D:4)
  3 plants (D:4)
  10 withered plants (D:4)
21 creatures vanquished.

Grand Total: 143 creatures vanquished

Notes
Turn   | Place    | Note
-------+----------+-------------------------------------------
     0 | D:1      | mordus the Hill Orc Fighter began the quest for the Orb.
     0 | D:1      | Reached XP level 1. HP: 19/19 MP: 1/1
    18 | D:1      | Found Simiexzi's Weapon Shop.
   203 | D:1      | Reached skill level 3 in Axes
   216 | D:1      | Reached XP level 2. HP: 26/26 MP: 2/2
   597 | D:1      | Reached XP level 3. HP: 31/31 MP: 3/3
   844 | D:2      | Reached skill level 4 in Axes
   961 | D:2      | Reached XP level 4. HP: 29/39 MP: 4/4
  1068 | D:2      | Found a faded altar of an unknown god.
  1533 | D:3      | Reached skill level 5 in Axes
  1564 | D:3      | Reached XP level 5. HP: 45/45 MP: 5/5
  1894 | D:4      | Became a worshipper of Beogh the Brigand
  2359 | D:4      | Noticed a black bear
  2363 | D:4      | Reached skill level 6 in Axes
  2363 | D:4      | Reached XP level 6. HP: 47/51 MP: 6/6
  2384 | D:4      | Killed a black bear
  2588 | D:5      | Entered Level 5 of the Dungeon
  2599 | D:5      | Noticed a necrophage
  2609 | D:5      | Killed a necrophage
  2610 | D:5      | Reached skill level 7 in Axes
  2610 | D:5      | Reached skill level 5 in Armour
  2610 | D:5      | Reached skill level 5 in Shields
  2610 | D:5      | Reached XP level 7. HP: 41/57 MP: 7/7
  2755 | D:5      | Reached * piety under Beogh
  2912 | D:5      | Found a staircase to the Ecumenical Temple.
  3083 | D:5      | Reached skill level 8 in Axes
  3539 | D:6      | Reached XP level 8. HP: 35/64 MP: 8/8
  3738 | D:6      | Noticed Maggie
  3750 | D:6      | HP: 2/64 [Maggie (3)]
  3752 | D:6      | Slain by Maggie

Illustrated notes

Levels and vault maps discovered:
D:1:      roderic_chinese_lattice_arrival, layout_loops_ring, serial_shops,
          shop_coins
D:2:      kennysheep_the_goblin_king, layout_rooms,
          dreamdust_ecumenical_altar_angels_and_demons
D:3:      layout_rooms
D:4:      corexii_shack_village, layout_basic, serial_undead, serial_undead_c,
          serial_undead_e, serial_undead_b, serial_undead_f
D:5:      layout_loops_ring, minmay_temple_entry_statues_fountains
D:6:      cheibrodos_quashed, layout_cave_pools, uniq_duvessa, uniq_eustachio,
          uniq_maggie

Skill      XL: |  1  2  3  4  5  6  7 |
---------------+----------------------+-----
Axes           | 3 4 5 6 7 8 |  8.7
Shields        | 4 5 |  5.9
Armour         | 4 5 |  5.9
Fighting       | |  3.6

Action                   |  1- 3 |  4- 6 |  7- 9 || total
-------------------------+-------+-------+-------++-------
Melee: War axe           |    92 |   153 |    86 ||   331
Invok: Convert to Beogh  |       |     1 |       ||     1
Armor: Scale mail        |    45 |    72 |    19 ||   136
Dodge: Dodged            |    54 |    81 |    57 ||   192
Block: Buckler           |    24 |    31 |    22 ||    77

Table legend: (Time is in decaauts)
 A = Elapsed time spent in this place.
 B = Non-inter-level travel time spent in this place.
 C = Inter-level travel time spent in this place.
 D = Time resting spent in this place.
 E = Time spent auto-exploring this place.
 F = Levels seen in this place.
 G = Mean time per level.
                   A        B        C        D        E       F      G
               +--------+--------+--------+--------+--------+-----+--------+
         Total |   3825 |   3728 |     97 |    186 |   2730 |   6 |  637.5 |
       Dungeon |   3825 |   3728 |     97 |    186 |   2730 |   6 |  637.5 |
               +--------+--------+--------+--------+--------+-----+--------+

Top non-repeatable levels by time:
     D:5: 908 daAuts
     D:1: 854 daAuts
     D:4: 826 daAuts
     D:2: 555 daAuts
     D:3: 414 daAuts
     D:6: 267 daAuts
